AoeStats
← old f1sh

Arena

509142124Analyzed
4v4 RM · 7d ago on Sep 25, 2026· 42m 33s· 8 players
Game mode
Random Map
Map size
Large (8 player)
Population
200
Speed
Normal
Resources
Standard
Victory
Conquest
Starting age
Dark Age
Ending age
Imperial Age
RankedLock teamsTeams togetherTeam positionsShared explorationLock speedFull tech treeHidden civsTurbo modeCheats
Victory
Defeat
🇭🇰 Mongols · Hong Kong SAR China
1700
+10
🇨🇳 Varangians · China
1612
+13
🇨🇳 Teutons · China
1481
+18
🇨🇳 Armenians · China
1645
-16
🇳🇴 Khmer · Norway
1579
-14
🇺🇸 Japanese · United States
1529
-12
1433
-8
qwer
8:29 Feudal Age
7:19 Loom
8:04 Loom
9:24 Double-Bit Axe
11:34 Fletching
21:34 Castle Age
21:07 Horse Collar
21:24 Gold Mining
24:21 Bow Saw
28:30 Wheelbarrow
31:06 Imperial Age
28:33 Bodkin Arrow
29:04 Heavy Plow
29:40 Gold Shaft Mining
28:56 Stone Mining
28:35 Pikeman
29:15 Squires
29:01 Arson
29:29 Forging
29:19 Scale Mail Armor
29:55 Bodkin Arrow
30:54 Iron Casting
30:50 Ballistics
30:21 Guard Tower
30:42 Masonry
30:53 Heavy Plow
31:41 Chain Mail Armor
31:43 Masonry
31:11 Capped Ram
31:36 Halberdier
33:07 Plate Mail Armor
33:33 Siege Engineers
32:57 Crossbowman
33:42 Thumb Ring
33:59 Padded Archer Armor
34:10 Treadmill Crane
34:08 Arbalester
35:03 Bracer
35:18 Leather Archer Armor
36:05 Chemistry
36:30 Blast Furnace
35:58 Conscription
36:29 Kataparuto
40:26 Ring Archer Armor
39:48 Guard Tower
40:40 Elite Skirmisher
daMastah2
10:25 Feudal Age
13:17 Castle Age
11:31 Double-Bit Axe
11:28 Horse Collar
14:17 Bow Saw
15:12 Bow Saw
15:54 Heavy Plow
18:34 Wheelbarrow
23:30 Gold Mining
23:58 Loom
24:01 Town Watch
24:34 Hand Cart
25:04 Stone Mining
25:50 Gold Shaft Mining
26:03 Coinage
26:36 Stone Shaft Mining
28:39 Town Patrol
30:25 Masonry
30:37 Ballistics
33:56 Fortified Wall
33:42 Murder Holes
38:32 Imperial Age
36:25 Scale Barding Armor
36:30 Forging
36:51 Fletching
38:41 Chain Barding Armor
38:56 Iron Casting
38:25 Husbandry
38:36 Bloodlines
40:03 Plate Barding Armor
39:25 Bodkin Arrow
39:04 Elite Battle Elephant
40:51 Blast Furnace
V我50%匡扶汉室
9:43 Feudal Age
9:54 Loom
14:10 Castle Age
12:34 Horse Collar
12:42 Double-Bit Axe
22:01 Bow Saw
24:19 Gold Mining
25:30 Wheelbarrow
29:37 Imperial Age
28:26 Padded Archer Armor
29:00 Hand Cart
29:13 Fletching
30:14 Bodkin Arrow
32:03 Chemistry
31:11 Bracer
31:26 Leather Archer Armor
34:15 Ring Archer Armor
36:36 Elite Genoese Crossbowman
38:31 Ballistics
39:37 Conscription
40:52 Scale Barding Armor
40:57 Forging
old f1sh
10:11 Feudal Age
13:40 Castle Age
11:45 Double-Bit Axe
12:50 Horse Collar
18:35 Bow Saw
22:13 Wheelbarrow
22:26 Heavy Plow
23:25 Hand Cart
24:27 Gold Mining
24:49 Loom
28:20 Imperial Age
26:37 Gold Shaft Mining
27:12 Scale Mail Armor
27:23 Forging
27:16 Treadmill Crane
28:27 Chain Mail Armor
28:43 Arson
28:58 Squires
28:43 Gambesons
29:41 Iron Casting
28:30 Capped Ram
30:40 Plate Mail Armor
31:23 Coinage
30:53 Caravan
31:04 Guilds
32:44 Blast Furnace
32:30 Fletching
32:52 Masonry
33:02 Ballistics
33:03 Fereters
33:17 Stone Mining
33:58 Conscription
33:05 Siege Ram
39:08 Guard Tower
40:19 Chemistry
如果去现场的不是Yo是vivi该多好
9:51 Feudal Age
13:35 Castle Age
11:51 Double-Bit Axe
11:48 Horse Collar
14:37 Bow Saw
19:58 Wheelbarrow
23:16 Town Watch
26:19 Imperial Age
24:10 Heavy Plow
24:23 Scale Mail Armor
25:06 Hand Cart
24:36 Loom
25:29 Ballistics
25:50 Chain Mail Armor
27:38 Forging
28:30 Chemistry
27:39 Pikeman
28:20 Squires
27:50 Heavy Scorpion
28:35 Capped Ram
30:27 Siege Engineers
30:59 Conscription
32:13 Ballistas
32:56 Siege Ram
34:18 Masonry
34:42 Crop Rotation
36:51 Scale Barding Armor
37:22 Iron Casting
37:33 Caravan
38:21 Fletching
38:27 Gold Mining
39:05 Halberdier
40:51 Blast Furnace
大平果是小菜鸡父亲
7:08 Loom
9:18 Feudal Age
8:26 Loom
13:27 Castle Age
11:47 Double-Bit Axe
12:06 Horse Collar
14:44 Bow Saw
19:47 Wheelbarrow
19:51 Heavy Plow
21:19 Gold Mining
27:22 Imperial Age
24:54 Stone Mining
25:17 Fletching
26:12 Stone Shaft Mining
26:08 Bodkin Arrow
27:05 Gold Shaft Mining
27:07 Hand Cart
27:31 Elite Mangudai
28:48 Husbandry
28:59 Bloodlines
29:19 Ballistics
29:18 Bracer
30:24 Conscription
30:21 Padded Archer Armor
31:46 Chemistry
30:20 Capped Ram
32:07 Leather Archer Armor
32:00 Thumb Ring
33:43 Nomads
34:16 Siege Ram
35:26 Drill
35:41 Onager
35:52 Light Cavalry
36:38 Scale Barding Armor
36:44 Forging
39:08 Chain Barding Armor
38:59 Siege Engineers
40:10 Town Watch
41:22 Iron Casting
41:25 Hussar
43:06 Blast Furnace
白色风车
5:56 Loom
8:20 Feudal Age
11:13 Fletching
17:21 Double-Bit Axe
17:16 Horse Collar
23:40 Castle Age
24:58 Wheelbarrow
25:22 Gold Mining
30:06 Imperial Age
30:46 Stone Mining
31:14 Bodkin Arrow
33:06 Chemistry
34:24 Bow Saw
39:37 Fortified Wall
星际小菜
9:45 Feudal Age
14:00 Castle Age
11:59 Double-Bit Axe
12:25 Horse Collar
15:50 Bow Saw
22:00 Wheelbarrow
24:02 Gold Mining
24:53 Hand Cart
28:29 Imperial Age
26:00 Stone Mining
27:34 Loom
27:36 Town Watch
28:02 Forging
27:52 Scale Mail Armor
27:43 Fletching
27:55 Padded Archer Armor
29:05 Squires
29:21 Chain Mail Armor
29:01 Bodkin Arrow
29:37 Conscription
29:46 Guilds
30:30 Iron Casting
30:10 Leather Archer Armor
29:39 Elite Skirmisher
30:45 Caravan
31:43 Plate Mail Armor
32:14 Blast Furnace
31:14 Bracer
32:30 Two-Man Saw
31:08 Gothikon
33:36 Treadmill Crane
35:08 Ballistics
35:49 Chemistry
36:19 Elite Jarl
38:30 Coinage
39:20 Ring Archer Armor
38:56 Scale Barding Armor
39:27 Husbandry
39:37 Bloodlines
40:31 Masonry
40:26 Siege Engineers
40:44 Chain Barding Armor
42:34 Architecture
42:26 Light Cavalry
Connection lost

Rejoining the realm…

Still unreachable

The connection could not be restored.

Session expired

The server has moved on; the page needs a fresh start.